 Dungeon Sprint DCSS version 0.15-a0-1619-g29500c9 (webtiles) character file.

2296 PolkaDot the Carver (level 9, -6/71 HPs)
             Began as a Vampire Gladiator on June 20, 2014.
             Was an Elder of Qazlal.
             Killed from afar by a deep elf conjurer (34 damage)
             ... with a bolt of lightning
             ... in the Dungeon (Sprint V: "Ziggurat Sprint").
             The game lasted 00:09:20 (616 turns).

PolkaDot the Carver (Vampire Gladiator)              Turns: 616, Time: 00:09:21

HP  -6/71        AC 27     Str 14      XL: 9   Next: 17%
MP   9/9         EV  3     Int 10      God: Qazlal [****..]
Gold 0           SH  5     Dex 35      Spells:  0 memorised,  8 levels left

rFire  + . .     SeeInvis +     P - +14 plutonium sword {Contam Stlth-}
rCold  + . .     Clarity  .     K - +5 gold dragon armour
rNeg   + . .     rCorr    .     (no shield)
rPois  +         rRot     .     c - +0 helmet
rElec  .         Spirit   .     (no cloak)
SustAb .         Warding  .     e - +2 pair of fencer's gloves {EV+3 Dex+6 Slay+2}
rMut   .         NoTele   +     (no boots)
Gourm  .                        (no amulet)
MR     .....                    z - +6 ring of dexterity
                                y - +6 ring of dexterity

@: repel missiles, not resistant to hostile enchantments, extremely unstealthy
A: bottle blood, fangs 3, see invisible, unbreathing
a: Bat Form, Bottle Blood, Upheaval, Elemental Force, Renounce Religion


You were in the Dungeon.
You worshipped Qazlal.
Qazlal was greatly pleased with you.
You were not thirsty.

You visited 1 branch

Inventory:

Hand weapons
 v - the +7 Singing Sword
   (You found it in the Dungeon)
 O - the +0 Sword of Power
   (You found it in the Dungeon)
 P - the +14 plutonium sword (weapon) {Contam Stlth-}
   (You found it in the Dungeon)

   It causes magical contamination when unequipped.
   It makes you less stealthy.
Missiles
 d - 3 throwing nets (quivered)
Armour
 b - a +0 leather armour
 c - a +0 helmet (worn)
 e - the +2 pair of fencer's gloves (worn) {EV+3 Dex+6 Slay+2}
   (You found it in the Dungeon)

   It affects your evasion (+3).
   It affects your dexterity (+6).
   It affects your accuracy and damage with ranged weapons and melee attacks
   (+2).
 I - a +5 crystal plate armour
 J - a +5 fire dragon armour
 K - a +5 gold dragon armour (worn)
 L - a +5 ice dragon armour
 M - a +5 plate armour
 N - a +5 storm dragon armour
Magical devices
 E - a wand of disintegration (7)
 F - a wand of fire (5)
 G - a wand of cold (5)
 H - a wand of draining (5)
Scrolls
 k - 4 scrolls of blinking
 l - 4 scrolls of amnesia
 m - 3 scrolls of recharging
 n - 7 scrolls of fog
 o - 5 scrolls of identify
 p - 5 scrolls of remove curse
 q - 2 scrolls of fear
Jewellery
 y - a +6 ring of dexterity (left hand)
 z - a +6 ring of dexterity (right hand)
 A - a +6 ring of intelligence
 B - a +6 ring of intelligence
 C - a +6 ring of strength
 D - a +6 ring of strength
Potions
 f - 10 potions of curing
 g - 7 potions of heal wounds
 h - 6 potions of haste
 i - 7 potions of magic
 j - 3 potions of berserk rage
 r - 2 potions of brilliance
 s - 2 potions of invisibility
 t - 2 potions of restore abilities
 u - 4 potions of resistance
 w - 5 potions of agility
 x - 5 potions of might


   Skills:
 + Level 6.8 Fighting
 + Level 12.2 Long Blades
 + Level 4.7 Throwing
 * Level 9.5 Armour
 + Level 11.1 Dodging


You had 8 spell levels left.
You didn't know any spells.

Dungeon Overview and Level Annotations

Branches:
Dungeon (1/1)

Altars:
Ashenzari
Cheibriados
Dithmenos
Elyvilon
Fedhas
Gozag
Kikubaaqudgha
Makhleb
Nemelex Xobeh
Okawaru
Qazlal
Sif Muna
Trog
Vehumet
Xom
Yredelemnul
Zin
The Shining One
Beogh
Jiyva
Lugonu


Innate Abilities, Weirdness & Mutations

You can bottle blood from corpses.
You have razor-sharp teeth.*
You have supernaturally acute eyesight.
You can survive without breathing.*


Message History

Qazlal accepts your kill.
Your Long Blades skill increases to level 12!
Your Armour skill increases to level 9!
Your Dodging skill increases to level 11!
You have reached level 9!
Your experience leads to an increase in your attributes!
Increase (S)trength, (I)ntelligence, or (D)exterity?
You feel agile.
You block the deep elf conjurer's attack.
The deep elf conjurer casts a spell at you.
The bolt of cold hits you! You resist.
Your gold dragon armour prevents you from hitting the deep elf conjurer.
The deep elf conjurer is severely wounded.
The deep elf conjurer hits you but does no damage.
The deep elf fighter hits you but does no damage.
The deep elf conjurer points at you and mumbles some strange words.
The bolt of cold hits you! You resist.
The deep elf conjurer points at you and mumbles some strange words.
The bolt of lightning hits you!
You die...

▓.%)..▓.....▓▓▓▓▓▓▓
▓▓▓▓▓▓▓▓▓▓▓▓▓▓▓▓▓▓
▓..8©8...▓..8©8...▓
▓..)§§...▓..|)}...▓
▓...}....▓..|.=...▓
▓........▓........▓
▓........▓...e....▓
▓.▓....▓.▓.▓.§e§▓.▓
▓........▓..)@e...▓
▓▓▓▓▓▓▓▓▓▓▓▓▓▓▓▓▓▓▓


You could see 2 deep elf conjurers and a deep elf fighter.

Vanquished Creatures
  A hell hog (D)
  A deep elf knight (D)
  A deep elf summoner (D)
  2 porcupines (D)
  4 hell hounds (D)
  An iron imp (D)
  3 white imps (D)
  A jackal (D)
14 creatures vanquished.

Vanquished Creatures (others)
  A spatial maelstrom (D)
  A fire vortex (D)
2 creatures vanquished.

Grand Total: 16 creatures vanquished

Notes
Turn   | Place    | Note
--------------------------------------------------------------
     0 | D        | PolkaDot, the Vampire Gladiator, began the quest for the Orb.
     0 | D        | Reached XP level 1. HP: 16/16 MP: 1/1
     0 | D        | Found an ancient bone altar of Kikubaaqudgha.
     1 | D        | Found a basalt altar of Yredelemnul.
     1 | D        | Found an iron altar of Okawaru.
     3 | D        | Found a radiant altar of Vehumet.
     3 | D        | Found a shimmering altar of Xom.
     5 | D        | Found a burning altar of Makhleb.
    14 | D        | Found a corrupted altar of Lugonu.
    14 | D        | Banished a spatial maelstrom
    15 | D        | Found a roughly hewn altar of Beogh.
    15 | D        | Found a white marble altar of Elyvilon.
    15 | D        | Found a sparkling altar of Nemelex Xobeh.
    15 | D        | Found a deep blue altar of Sif Muna.
    21 | D        | Found a bloodstained altar of Trog.
    63 | D        | Reached skill level 6 in Armour
    63 | D        | Reached XP level 2. HP: 22/22 MP: 2/2
    82 | D        | Became a worshipper of Qazlal Stormbringer
    92 | D        | Entered arena 1.
    92 | D        | Noticed a hell hound
    92 | D        | Noticed a hell hound
    98 | D        | Killed a hell hound
    98 | D        | Reached skill level 5 in Long Blades
    98 | D        | Reached skill level 5 in Dodging
    98 | D        | Reached XP level 3. HP: 15/28 MP: 3/3
    98 | D        | Reached XP level 4. HP: 18/34 MP: 4/4
   109 | D        | Killed a hell hound
   109 | D        | Acquired Qazlal's first power
   109 | D        | Reached skill level 7 in Long Blades
   109 | D        | Reached XP level 5. HP: 5/41 MP: 5/5
   386 | D        | Entered arena 2.
   386 | D        | Noticed a porcupine
   386 | D        | Noticed a porcupine
   391 | D        | Killed a porcupine
   391 | D        | Reached skill level 8 in Long Blades
   391 | D        | Reached XP level 6. HP: 42/48 MP: 6/6
   392 | D        | Killed a porcupine
   402 | D        | Entered arena 3.
   402 | D        | Noticed a hell hog
   402 | D        | Noticed a fire vortex
   402 | D        | Noticed a hell hound
   402 | D        | Noticed a hell hound
   406 | D        | Killed a hell hound
   406 | D        | Acquired Qazlal's second power
   406 | D        | Reached skill level 9 in Long Blades
   406 | D        | Reached XP level 7. HP: 26/55 MP: 7/7
   407 | D        | Killed a hell hound
   409 | D        | Killed a hell hog
   409 | D        | Reached skill level 5 in Fighting
   409 | D        | Reached skill level 10 in Long Blades
   409 | D        | Reached skill level 10 in Dodging
   409 | D        | Reached XP level 8. HP: 16/64 MP: 8/8
   413 | D        | Killed a fire vortex
   595 | D        | Entered arena 4.
   595 | D        | Noticed an iron imp
   597 | D        | Acquired Qazlal's third power
   600 | D        | Killed an iron imp
   607 | D        | Entered arena 5.
   607 | D        | Noticed a deep elf conjurer
   607 | D        | Noticed a deep elf conjurer
   607 | D        | Noticed a deep elf knight
   607 | D        | Noticed a deep elf fighter
   607 | D        | Noticed a deep elf summoner
   612 | D        | Killed a deep elf summoner
   612 | D        | Acquired Qazlal's fourth power
   612 | D        | Reached skill level 11 in Long Blades
   615 | D        | Killed a deep elf knight
   615 | D        | Reached skill level 12 in Long Blades
   615 | D        | Reached XP level 9. HP: 39/71 MP: 9/9
   616 | D        | Killed from afar by a deep elf conjurer

Action                   |  1- 3 |  4- 6 |  7- 9 || total
-------------------------+-------+-------+-------++-------
Melee: Claymore          |     2 |    19 |    15 ||    36
       Long sword        |     1 |       |       ||     1
  Use: Potion            |     2 |     1 |     2 ||     5
